 Dungeon Crawl Stone Soup version 0.29-a0-321-gf1c400731a (webtiles) character file.

Game seed: 651539523470057271

57721 Leszczynek the Martial Artist (level 15, -1/117 (120) HPs)
             Began as a Human Gladiator on Apr 4, 2022.
             Was a High Priest of Okawaru.
             Splashed by a goliath frog's acid (9 damage)
             ... on level 2 of the Swamp.
             The game lasted 02:10:27 (13369 turns).

Leszczynek the Martial Artist (Human Gladiator)    Turns: 13369, Time: 02:10:27

HP:   -1/117 (120)  AC:  4    Str: 15    XL:     15   Next: 27%
MP:   14/21         EV: 19    Int: 21    God:    Okawaru [*****.]
Gold: 454           SH:  0    Dex: 15    Spells: 12/22 levels left

rFire   + . .      SeeInvis .     - Unarmed
rCold   + . .      Faith    .   (no shield)
rNeg    + . .      Spirit   .   M - +2 robe {Will+}
rPois   .          Reflect  .   c - +0 helmet of Noeguirph {god gift, rN+}
rElec   +          Harm     .   (no cloak)
rCorr   .          Rampage  .   (no gloves)
Will    +....                   n - +1 pair of boots
Stlth   ++........              f - amulet of regeneration
HPRegen 1.09/turn               y - +4 ring of slaying
MPRegen 0.17/turn               r - ring of Xom's Recklessness {rElec rF+ rC+ Will- Int+6}

@: about to teleport, heroic, corroded, lightly drained, very slow
A: no striking features
a: Renounce Religion, Heroism, Finesse, Duel


You were on level 2 of the Swamp.
You worshipped Okawaru.
Okawaru was extremely pleased with you.
You visited 5 branches of the dungeon, and saw 22 of its levels.
You also visited: Ossuary.

You collected 1574 gold pieces.
You spent 1120 gold pieces at shops.

Inventory:

Hand Weapons
 x - the +10 war axe of Ymitoude {god gift, protect, Int+2}
   (Okawaru gifted it to you on level 2 of the Lair of Beasts)

   It grants its wielder temporary protection when it strikes (+7 to AC).
   Int:       It affects your intelligence (+2).
 E - a +2 vorpal long sword
Missiles
 a - 12 poisoned darts
 h - 8 atropa-tipped darts
 j - 5 silver javelins {god gift}
 q - 4 javelins (quivered)
 A - 11 boomerangs
 O - 2 throwing nets
Armour
 c - the +0 helmet of Noeguirph (worn) {god gift, rN+}
   (Okawaru gifted it to you on level 2 of the Lair of Beasts)

   rN:        It protects you from negative energy.
 n - a +1 pair of boots (worn)
 t - a +0 tower shield
 z - a +3 leather armour of fire resistance
 M - a +2 robe of willpower (worn)
Jewellery
 f - an amulet of regeneration (around neck)
 m - an amulet of the acrobat
 r - the ring of Xom's Recklessness (right hand) {rElec rF+ rC+ Will- Int+6}
   (You found it on level 5 of the Lair of Beasts)

   [ring of intelligence]

   Int:       It affects your intelligence (+6).
   rF:        It protects you from fire.
   rC:        It protects you from cold.
   rElec:     It insulates you from electricity.
   Will:      It decreases your willpower.
 y - a +4 ring of slaying (left hand)
 B - a +6 ring of dexterity
 C - a ring of protection from fire
Wands
 d - a wand of paralysis (4)
 k - a wand of digging (7)
 s - a wand of polymorph (10)
 D - a wand of mindburst (4)
 G - a wand of flame (33)
 K - a wand of acid (3)
Scrolls
 e - 4 scrolls of fog
 i - 3 scrolls of teleportation
 l - 4 scrolls of immolation {!r}
 p - a scroll of summoning
 u - 3 scrolls of magic mapping
 v - 4 scrolls of torment {!r}
 J - a scroll of vulnerability {!r}
 N - a scroll of blinking
Potions
 b - 2 potions of mutation {!q}
 g - 2 potions of brilliance
 o - 4 potions of ambrosia
 w - a potion of attraction {unknown}
 H - 6 potions of might
 I - 3 potions of haste
 L - a potion of magic {unknown}
 P - 2 potions of experience {unknown}
 Q - a potion of curing {@q1}


   Skills:
 + Level 11.7(16.7) Fighting
 + Level 8.0(13.0) Throwing
 - Level 2.8(7.8) Armour
 + Level 8.4(13.4) Dodging
 - Level 12.0(17.0) Unarmed Combat
 - Level 4.0 Spellcasting
 - Level 2.0 Translocations
 - Level 10.0 Transmutations
 - Level 6.0 Ice Magic
 * Level 7.4 Earth Magic
 + Level 9.1 Invocations


You had 12 spell levels left.
You knew the following spells:

 Your Spells              Type           Power      Damage    Failure   Level
a - Ice Form              Ice/Tmut       37%        N/A       4%          4
b - Wereblood             Tmut           46%        N/A       1%          2
q - Frozen Ramparts       Ice            58%        1d7       3%          3
A - Apportation           Tloc           24%        N/A       5%          1

Your spell library contained the following spells:

 Spells                   Type           Power      Damage    Failure   Level
 Sandblast                Erth           70%        2d15      1%          1
 Passwall                 Tmut/Erth      33%        N/A       1%          2
 Stone Arrow              Conj/Erth      38%        3d9       8%          3
 Slow                     Hex            16%        N/A       12%         1
 Sublimation of Blood     Necr           4%         N/A       19%         2
 Confusing Touch          Hex            4%         N/A       34%         3
 Vampiric Draining        Necr           4%         2d6       34%         3
 Alistair's Intoxication  Tmut/Pois      16%        N/A       38%         5
 Summon Ice Beast         Ice/Summ       Unusable   N/A       N/A         4
 Summon Hydra             Summ           Unusable   N/A       N/A         7

Dungeon Overview and Level Annotations

Branches:
Dungeon (11/15)            Temple (1/1) D:7            Lair (6/6) D:8
  Swamp (2/4) Lair:4        Snake (0/4) Lair:4          Orc (2/2) D:9
    Elf (0/3) Orc:2       Ossuary (visited)
  Slime: Lair:5-6

Altars:
Ashenzari
Cheibriados
Dithmenos
Elyvilon
Fedhas
Gozag
Hepliaklqana
Kikubaaqudgha
Makhleb
Nemelex Xobeh
Okawaru
Qazlal
Ru
Sif Muna
Trog
Uskayaw
Vehumet
Wu Jian
Xom
Yredelemnul
Zin

Shops:
D:3 [*=?(   D:9 *=!(   Orc:2 (:**

Annotations:
D:10 1 runed translucent door, anonymous's ghost, journeyman NaGl
D:11 Erolcha
Lair:1 Fannar


Message History

Unknown command.
Okay, then.
Blink to where?
Press: ? - help, Dir - move target
As you read the scroll of blinking, it crumbles to dust.
As you read the scroll of teleportation, it crumbles to dust.
You feel strangely unstable.
You warm up again.
The +0 helmet of Noeguirph {god gift, rN+} unmelds from your body.
Your +1 pair of boots unmelds from your body.
Your +2 robe of willpower unmelds from your body.
You feel strong-willed.
The bunyip howls a warning cry!
The swamp worm fires a harpoon shot at you.
The harpoon shot misses you.
Your surroundings suddenly seem different.
A spriggan druid, 2 spriggans and 2 goliath frogs come into view.
Found a wand of acid (3).
The spriggan druid shouts!
Unknown command.
Unknown command.
As you read the scroll of fog, it crumbles to dust.
The scroll dissolves into smoke.
The goliath frog hits you but does no damage.
As you read the scroll of teleportation, it crumbles to dust.
You feel strangely unstable. The goliath frog hits you from afar.
* * * LOW HITPOINT WARNING * * *
You are splashed with acid.
* * * LOW HITPOINT WARNING * * *
Unknown command.
You enter the shallow water.
Moving in this stuff is going to be slow.
The goliath frog closely misses you.
Unknown command.
The goliath frog barely misses you.
Unknown command.
The goliath frog hits you from afar!
* * * LOW HITPOINT WARNING * * *
The acid corrodes you!
You are splashed with acid!
You die...

♣.≈≈....≈≈. ♣♣♣♣♣♣..≈≈≈
♣≈..≈≈ ♣♣♣.≈≈ ♣≈≈≈
♣♣♣♣. ♣≈.≈≈ ♣ ♣♣♣ . ♣
♣.≈≈≈ ♣♣≈≈♣♣@♣♣ ..♣.♣♣
♣♣.≈≈≈ ♣..F§§i§♣
....≈≈♣♣...≈≈
♣♣≈.§§§F§........≈≈≈≈≈§
♣..≈§§§§§.....♣...≈≈≈≈≈
♣♣..≈≈.....≈..♣♣.!≈≈≈≈≈
♣...≈≈.≈≈.≈≈.♣ ♣≈≈§≈≈≈≈
♣♣.i≈≈.....≈.♣ ♣♣...≈≈§
.≈..≈≈..≈≈≈.♣ ♣♣♣♣...
♣♣i♣♣♣./..≈♣♣♣ ♣≈..


You could see a spriggan druid and a goliath frog.

Vanquished Creatures
  Harold (Arena)
  A boulder beetle (Lair:3)
  2 ghost crabs
  7 hydras
  Erica (Lair:2)
  A two-headed ogre (D:7)
  2 alligators
  6 death yaks (Lair:2)
  5 orc high priests (Orc:2)
  A spriggan berserker (Swamp:2)
  Amaemon (D:8)
  6 orc knights (Orc:2)
  2 orc sorcerers (Orc:2)
  19 elephants
  A black mamba (Lair:5)
  Joseph (D:8)
  An orange demon (Lair:1)
  A torpor snail (Lair:5)
  10 cane toads
  4 komodo dragons
  A troll (Orc:2)
  2 polar bears (Lair:5)
  3 hornets
  7 tyrant leeches
  Prince Ribbit (D:8)
  15 blink frogs
  3 spriggans
  43 yaks
  2 wraiths
  9 vampire mosquitoes
  4 wyverns
  3 wargs
  6 nagas (Lair:4)
  A swamp worm (Swamp:2)
  16 water moccasins
  35 orc warriors
  2 sky beasts
  7 black bears
  6 ogres
  9 wolves
  2 centaurs
  4 kobold brigands
  An elf zombie (Ossuary)
  20 bullfrogs
  A necrophage (D:4)
  A gnoll sergeant (D:10)
  2 scorpions
  3 wights (D:8)
  4 killer bees (D:9)
  3 electric eels
  A human zombie (Ossuary)
  A centaur zombie (Ossuary)
  3 jellies
  5 hounds
  21 orc priests
  A gnoll shaman (D:5)
  5 iguanas
  12 orc wizards
  2 mummies (Ossuary)
  Robin (D:2)
  13 gnolls
  7 adders
  A white imp (D:8)
  An ufetubus (D:4)
  4 worms (D:3)
  5 dart slugs
  61 orcs
  3 endoplasms
  2 giant cockroaches
  12 goblins
  9 hobgoblins
  19 kobolds
  4 quokkas
  2 ball pythons
  6 bats
  A gnoll zombie (Ossuary)
  3 goblin zombies (Ossuary)
  6 hobgoblin zombies (Ossuary)
  An orc zombie (Ossuary)
  9 rats
510 creatures vanquished.

Vanquished Creatures (others)
  A bush (Lair:2)
  A fire vortex (Lair:5)
  78 fungi
  135 plants
215 creatures vanquished.

Grand Total: 725 creatures vanquished

Notes
Turn   | Place    | Note
-------+----------+-------------------------------------------
     0 | D:1      | Leszczynek the Human Gladiator began the quest for the Orb.
     0 | D:1      | Reached XP level 1. HP: 16/16 MP: 1/1
   172 | D:1      | Reached XP level 2. HP: 9/23 MP: 2/2
   402 | D:1      | Reached XP level 3. HP: 14/28 MP: 3/3
   403 | D:1      | Reached skill level 3 in Fighting
   562 | D:2      | Found a faded altar of an unknown god.
   597 | D:2      | Noticed Robin
   606 | D:2      | Killed Robin
   621 | D:2      | Reached XP level 4. HP: 31/35 MP: 4/4
   809 | D:3      | Found Ciffici's Antique Weapon Shop.
   815 | D:3      | Found Xan Dask's Magic Scroll Shoppe.
   826 | D:3      | Bought a scroll of identify for 26 gold pieces
   826 | D:3      | Bought a scroll of identify for 26 gold pieces
   838 | D:3      | Found Zayrchuch's Jewellery Shop.
   893 | D:3      | Found Xuowuont's Assorted Antiques.
   939 | D:3      | Reached skill level 3 in Throwing
   949 | D:3      | Reached skill level 4 in Fighting
  1109 | D:3      | Reached XP level 5. HP: 37/42 MP: 5/5
  1331 | D:4      | Noticed an ogre
  1344 | D:4      | Killed an ogre
  1345 | D:4      | Reached skill level 5 in Fighting
  1345 | D:4      | Reached XP level 6. HP: 42/51 MP: 6/6
  1553 | D:4      | Reached skill level 4 in Throwing
  1609 | D:3      | Found Nenaho's Armour Shoppe.
  1719 | D:4      | Reached XP level 7. HP: 57/57 MP: 7/7
  1817 | D:4      | Identified the +0 leather armour of Juthui Dehe {Harm
                  | +Blink Slay+3}
  1818 | D:4      | mhhh
  1818 | D:4      | nah
  1837 | D:5      | Entered Level 5 of the Dungeon
  2066 | D:6      | Reached skill level 6 in Fighting
  2221 | D:7      | Found a staircase to the Ecumenical Temple.
  2227 | Temple   | Entered the Ecumenical Temple
  2228 | Temple   | oh, no tso
  2228 | Temple   | hm
  2235 | Temple   | Became a worshipper of Warmaster Okawaru
  2236 | Temple   | well then
  2337 | D:7      | Reached skill level 4 in Dodging
  2337 | D:7      | Reached XP level 8. HP: 65/65 MP: 8/8
  2370 | D:7      | Noticed a two-headed ogre
  2417 | D:6      | Reached skill level 7 in Fighting
  2417 | D:6      | Reached skill level 5 in Throwing
  2491 | D:5      | Reached * piety under Okawaru
  2515 | D:5      | Found a burning altar of Makhleb.
  2639 | D:5      | Reached skill level 1 in Invocations
  2818 | D:7      | Reached skill level 2 in Invocations
  2956 | D:7      | Found a sand-covered staircase.
  2965 | Ossuary  | Entered an ossuary
  2966 | Ossuary  | just in time
  3149 | Ossuary  | gold only? :/
  3190 | Ossuary  | 239 gold and nothing else
  3190 | Ossuary  | mehhhhh
  3190 | Ossuary  | i could afford a +3 rPois scale now though, if i wanted
  3197 | D:7      | but do i want it?
  3344 | D:8      | Reached skill level 3 in Invocations
  3344 | D:8      | Reached XP level 9. HP: 72/72 MP: 11/11
  3360 | D:8      | Reached skill level 4 in Unarmed Combat
  3365 | D:8      | Reached ** piety under Okawaru
  3402 | D:8      | Reached skill level 6 in Throwing
  3489 | D:8      | Reached skill level 8 in Fighting
  3489 | D:8      | Reached skill level 5 in Unarmed Combat
  3497 | D:8      | Reached skill level 4 in Invocations
  3602 | D:8      | HP: 12/74 [yak (8)]
  3613 | D:8      | HP: 10/74 [yak (14)]
  3617 | D:8      | Reached *** piety under Okawaru
  3618 | D:8      | Reached skill level 6 in Unarmed Combat
  3632 | D:8      | Reached XP level 10. HP: 15/82 MP: 13/13
  3760 | D:8      | Noticed Prince Ribbit
  3785 | D:8      | Killed Prince Ribbit
  3786 | D:8      | Reached skill level 5 in Dodging
  3823 | D:8      | Found a staircase to the Lair.
  3840 | D:8      | Reached skill level 5 in Invocations
  3894 | D:8      | Paralysed by a hornet for 2 turns
  3902 | D:8      | 55% = 2/7
  3902 | D:8      | Paralysed by a hornet for 1 turns
  4014 | D:8      | Found an ancient bone altar of Kikubaaqudgha.
  4014 | D:8      | Noticed Joseph
  4182 | D:7      | Killed a two-headed ogre
  4182 | D:7      | Reached **** piety under Okawaru
  4183 | D:7      | Reached skill level 7 in Unarmed Combat
  4241 | D:6      | Reached skill level 9 in Fighting
  4406 | D:3      | Bought a +3 scale mail of poison resistance for 230 gold
                  | pieces
  4616 | D:8      | Noticed Maggie
  4617 | D:8      | Noticed Maggie
  4617 | D:8      | Maggie changed into Maggie the ogre
  4620 | D:8      | Killed Maggie the ogre
  4698 | D:8      | Reached skill level 6 in Invocations
  4891 | D:9      | Found Orestu Nale's Jewellery Emporium.
  4909 | D:9      | Found Benupp's Assorted Antiques.
  4946 | D:9      | Reached skill level 8 in Unarmed Combat
  5008 | D:9      | Found Cuphoyd's Distillery.
  5183 | D:9      | HP: 22/124 [killer bee (4)]
  5188 | D:9      | HP: 24/124 [poisoned by a killer bee]
  5624 | D:9      | Found a staircase to the Orcish Mines.
  5666 | D:9      | Received a gift from Okawaru
  5687 | D:9      | Reached XP level 11. HP: 29/89 MP: 15/15
  5877 | D:9      | Found Adukuuhili's Antique Weapon Boutique.
  6037 | D:10     | Entered Level 10 of the Dungeon
  6046 | D:10     | Learned a level 1 spell: Apportation
  6156 | D:10     | Found a runed translucent door.
  6157 | D:10     | Noticed anonymous's ghost (journeyman NaGl)
  6157 | D:10     | Noticed a skeletal warrior
  6276 | D:10     | Identified the +1 robe "Fuvarif" {rElec rC+ Stlth-}
  6470 | D:11     | Paralysed by a hornet for 2 turns
  6480 | D:11     | Reached skill level 6 in Dodging
  6480 | D:11     | Reached skill level 9 in Unarmed Combat
  6579 | D:11     | Reached skill level 7 in Invocations
  6634 | D:11     | Noticed Erolcha
  6696 | D:10     | Found a snail-covered altar of Cheibriados.
  6776 | Lair:1   | Entered Level 1 of the Lair of Beasts
  6776 | Lair:1   | Noticed a five-headed hydra
  6777 | Lair:1   | ...
  6777 | Lair:1   | Noticed Amaemon
  6778 | Lair:1   | .........
  6869 | D:8      | Killed Joseph
  6870 | D:8      | Reached skill level 1 in Spellcasting
  7028 | Orc:1    | Entered Level 1 of the Orcish Mines
  7068 | D:9      | 100
  7451 | D:9      | HP: 14/90 [orc warrior/+0 scimitar (13)]
  7890 | D:9      | Bought an amulet of regeneration for 390 gold pieces
  8096 | Orc:1    | Reached skill level 1 in Armour
  8220 | Orc:2    | Entered Level 2 of the Orcish Mines
  8370 | Orc:2    | Reached skill level 2 in Spellcasting
  8380 | Orc:2    | Noticed an orc knight
  8381 | Orc:2    | do or die
  8381 | Orc:2    | Noticed an orc sorcerer
  8444 | Orc:2    | Reached skill level 10 in Fighting
  8629 | Orc:2    | Killed an orc knight
  8630 | Orc:2    | Reached skill level 10 in Unarmed Combat
  8642 | Orc:2    | Killed an orc sorcerer
  8642 | Orc:2    | Reached ***** piety under Okawaru
  8643 | Orc:2    | Reached skill level 2 in Armour
  8652 | Orc:2    | motherfucker
  8691 | Orc:2    | Noticed an orc sorcerer
  8730 | Orc:2    | Killed an orc sorcerer
  8751 | Orc:2    | Noticed an orc knight
  8770 | Orc:2    | Killed an orc knight
  8771 | Orc:2    | Reached skill level 3 in Spellcasting
  8787 | Orc:2    | Reached XP level 12. HP: 92/97 MP: 10/17
  8835 | Orc:2    | Found a staircase to the Elven Halls.
  8874 | Orc:2    | Received a gift from Okawaru
  8992 | Orc:2    | Reached skill level 1 in Transmutations
  9075 | Orc:2    | Noticed an orc high priest
  9110 | Orc:2    | Killed an orc high priest
  9195 | Orc:2    | Reached skill level 2 in Transmutations
  9234 | Orc:2    | HP: 9/97 [orc knight/+0 war axe (16)]
  9240 | Orc:2    | Reached skill level 11 in Unarmed Combat
  9332 | Orc:2    | Reached skill level 3 in Transmutations
  9356 | Orc:2    | Reached skill level 7 in Throwing
  9384 | Orc:2    | Noticed an orc high priest
  9391 | Orc:2    | Noticed a sun demon
  9395 | Orc:2    | Killed an orc high priest
  9395 | Orc:2    | Received a gift from Okawaru
  9396 | Orc:2    | Reached skill level 4 in Transmutations
  9428 | Orc:2    | Noticed an orc high priest
  9437 | Orc:2    | very fast btw
  9470 | Orc:2    | Killed an orc high priest
  9520 | Orc:2    | Reached skill level 5 in Transmutations
  9568 | Orc:2    | Noticed an orc high priest
  9574 | Orc:2    | Killed an orc high priest
  9586 | Orc:2    | Noticed an orc high priest
  9596 | Orc:2    | Killed an orc high priest
  9619 | Orc:2    | Found Tucsis's Assorted Antiques.
  9619 | Orc:2    | Found Fesk's General Store.
  9620 | Orc:2    | Found Bipanuaf's Book Shop.
  9620 | Orc:2    | Found Araipo's Weapon Boutique.
  9636 | Orc:2    | Bought a book of Rime for 364 gold pieces
  9641 | Orc:2    | Learned a level 4 spell: Ice Form
  9643 | Orc:2    | Bought a brown potion for 26 gold pieces
  9643 | Orc:2    | Bought a scroll labelled LAZENK YLLUS for 29 gold pieces
  9643 | Orc:2    | Bought a scroll labelled NOTUIQ URU for 29 gold pieces
  9794 | D:8      | Killed a five-headed hydra
  9795 | D:8      | Reached skill level 6 in Transmutations
  9895 | D:8      | Killed Amaemon
  9896 | D:8      | Reached skill level 8 in Throwing
  9896 | D:8      | Reached skill level 1 in Ice Magic
  9940 | Lair:1   | Received a gift from Okawaru
  9941 | Lair:1   | Reached XP level 13. HP: 51/103 MP: 18/18
  9992 | Lair:1   | Reached skill level 2 in Ice Magic
 10018 | Lair:1   | Noticed Harold
 10018 | Lair:1   | Noticed Fannar
 10020 | Arena    | Entered the Arena
 10038 | Arena    | Killed Harold
 10039 | Arena    | Reached skill level 3 in Ice Magic
 10082 | Lair:1   | HP: 16/103 [Fannar/refrigeration (33)]
 10316 | Lair:2   | Reached skill level 7 in Transmutations
 10316 | Lair:2   | Reached skill level 4 in Ice Magic
 10350 | Lair:2   | Received a gift from Okawaru
 10351 | Lair:2   | Reached skill level 5 in Ice Magic
 10467 | Lair:2   | Identified the +10 war axe of Ymitoude {god gift, protect,
                  | Int+2} (Okawaru gifted it to you on level 2 of the Lair of
                  | Beasts)
 10467 | Lair:2   | Received a gift from Okawaru
 10469 | Lair:2   | Reached skill level 8 in Transmutations
 10536 | Lair:2   | Reached skill level 6 in Ice Magic
 10641 | Lair:2   | Reached skill level 9 in Transmutations
 10650 | Lair:2   | Reached skill level 12 in Unarmed Combat
 10720 | Lair:2   | Identified the +0 helmet of Noeguirph {god gift, rN+}
                  | (Okawaru gifted it to you on level 2 of the Lair of Beasts)
 10720 | Lair:2   | Received a gift from Okawaru
 10745 | Lair:2   | Noticed Erica
 10773 | Lair:2   | Reached skill level 4 in Spellcasting
 10804 | Lair:3   | Noticed a four-headed hydra
 10866 | Lair:3   | Found a hide-covered altar of Uskayaw.
 10866 | Lair:3   | Noticed a boulder beetle
 10885 | Lair:3   | Found an ornate altar of the Wu Jian Council.
 11036 | Lair:4   | Reached XP level 14. HP: 111/111 MP: 13/20
 11051 | Lair:4   | Found a staircase to the Snake Pit.
 11072 | Lair:4   | i don't know about this m8
 11072 | Lair:4   | snake with ice form
 11072 | Lair:4   | at least i don't have rf- but still
 11170 | Lair:4   | Reached skill level 10 in Transmutations
 11312 | Lair:4   | Reached skill level 1 in Earth Magic
 11380 | Lair:5   | Reached skill level 1 in Translocations
 11392 | Lair:5   | Reached skill level 2 in Earth Magic
 11470 | Lair:5   | Reached skill level 2 in Translocations
 11470 | Lair:5   | Reached skill level 3 in Earth Magic
 11559 | Lair:5   | Reached skill level 7 in Dodging
 11590 | Lair:6   | Entered Level 6 of the Lair of Beasts
 11706 | Lair:5   | Identified the ring of Xom's Recklessness {rElec rF+ rC+
                  | Will- Int+6}
 11708 | Lair:5   | fucking will-
 11735 | Lair:5   | Learned a level 3 spell: Frozen Ramparts
 11759 | Lair:6   | Reached skill level 4 in Earth Magic
 11769 | Lair:6   | Reached skill level 11 in Fighting
 11809 | Lair:6   | overdid it
 11809 | Lair:6   | bye bye ?blink
 11889 | Lair:6   | Reached skill level 8 in Invocations
 11896 | Lair:6   | Reached skill level 5 in Earth Magic
 11983 | Lair:6   | Received a gift from Okawaru
 12037 | Lair:6   | nooope
 12189 | Lair:6   | Reached skill level 6 in Earth Magic
 12599 | Lair:2   | HP: 21/113 [something (9)]
 12602 | Lair:2   | Killed Erica
 12603 | Lair:2   | Reached skill level 8 in Dodging
 12707 | Lair:2   | Reached XP level 15. HP: 119/119 MP: 16/21
 12848 | Lair:2   | where the fuck is the other branch
 13081 | Lair:4   | here it is
 13081 | Lair:4   | swamp
 13081 | Lair:4   | Found a staircase to the Swamp.
 13106 | Lair:4   | i'm dead
 13107 | Swamp:1  | Entered Level 1 of the Swamp
 13162 | Swamp:2  | Reached skill level 7 in Earth Magic
 13165 | Arena    | Entered the Arena
 13195 | Swamp:2  | Reached skill level 9 in Invocations
 13202 | Swamp:2  | HP: 27/144 [spriggan rider/+0 spear (16)]
 13204 | Swamp:2  | HP: 13/144 [spriggan rider/+0 spear (14)]
 13292 | Swamp:2  | Learned a level 2 spell: Wereblood
 13358 | Swamp:2  | HP: 21/139 [bunyip (12)]
 13359 | Swamp:2  | spriggan depths pack in swamp
 13359 | Swamp:2  | okay
 13366 | Swamp:2  | HP: 23/117 [goliath frog (3)]
 13369 | Swamp:2  | HP: 8/117 [goliath frog (12)]
 13369 | Swamp:2  | Splashed by a goliath frog's acid

Illustrated notes #.# #.# #.# #.# #.# .. #.# ....###########.# ...............@# ...###.######### #.# #.# #.# ###.### #.....# ######.....####### .................# Turn 1818 on D:4: mhhh ######### ##._._._.## ##_......._## ##...≈≈.≈≈...## #_...≈≈.≈≈..._# #..≈≈≈≈.≈≈≈≈..# #_.≈≈≈...≈≈≈._# #......@......# #_.≈≈≈...≈≈≈._# #..≈≈≈≈.≈≈≈≈..# #_...≈≈.≈≈..._# ##...≈≈.≈≈...## ##_......._## ##._._._.## ######### Turn 2228 on Temple: oh, no tso ######### ##._._._.## ##_......._## ##...≈≈.≈≈...## #_...≈≈.≈≈...@# #..≈≈≈≈.≈≈≈≈..# #_.≈≈≈...≈≈≈._# #......<......# #_.≈≈≈...≈≈≈._# #..≈≈≈≈.≈≈≈≈..# #_...≈≈.≈≈..._# ##...≈≈.≈≈...## ##_......._## Turn 2236 on Temple: well then ....... ..... ..... #...# #...# ##...## ##.....## #...@...# #.......# #...∩...# ##.....## ##...## ##### Turn 2966 on Ossuary: just in time ##### ##$$$## #$$$$$# #$$$$$# #$$$$$# #$@$# ##.## #.# ##.## #####...##### #.....∩.....# ##.........## #...........# ##.........## Turn 3149 on Ossuary: gold only? :/ ##### ##...## #.....# #.....# #.....# ##.@.## ##.## #.# ##.## #####...##### #.....∩.....# ##.........## #...........# ##.........## Turn 3190 on Ossuary: 239 gold and nothing else #....... ###....... #......... ############..>...... #.................... #.#.................. #................#### #............##### #...@........# #......####### #..^...# ######## Turn 3197 on D:7: but do i want it? #..........P #.. #####.P......÷. #.. #....P.......## #.. #.......)....## #.y #.........##... #####.. ###.......##### ....... #.......# # ......>#######.......# # ..(..(.{y@...........# # .......###########'### # ...(... #.####### ....... #..÷[.. ....... #.##### ##+###. #.# #.. #. #.# #.# #. #†# #.# #.# #.. Turn 3902 on D:8: 55% = 2/7 #..# #..# #..# #..# #..# # ###..###..# #......./.. #..@....... #........... #h...######. #P....# #P..h.## #4..... ...D... ..##..# Turn 6777 on Lair:1: ... #..# #..# #..# #..# #..# # ###..###..# #......./.. #..@....... #.h......... #....######. #P.h..# #P....## #.4D... 6...... ..##..# Turn 6778 on Lair:1: ......... ≈≈≈≈.#......##.##..8.'....+.8.... ≈≈≈≈≈####....# ##....##..##...... ###≈≈≈..'....# #......####...##.. ###≈≈..######.#..##........##... yy #≈≈........##.##########'#.... wy #≈≈........#...##........##... wy #≈≈........#.[)....####...#### #≈≈...######..[[8.##..##.8.# ##≈≈...# #>.@....'..).'...# ###≈≈≈...# ##....8.##..##[8.# ≈≈≈≈≈....# #.......####..)## ≈≈≈≈.....# #...##........## ######...# ##.##########'# #....#...#####.#..##........## #....#.........#......####...#### #... #.........##....##..##...... #'####.....>....#.......)........ Turn 7068 on D:9: 100 ....... ##.##......#... .......####......#......... ...#....#.##....#.... .#... #.#..........#.#o#.# #..... ##.................##...... #......................$... #...#....#....###......... #..............#.).)...((. ##..#..<...).@()(..((..... #.........##............. ##.#......#.............. ##.....)................ ##.#................... ##.#.......#.......... #.)).......#...#...... ##<).................# ##.†.......... Turn 8381 on Orc:2: do or die ...(.................# ....................### ....................#.## .................#.....# ................##....## #....................## ......#......#...)...## .......#..#.###.......## .............#.#@......# ....................#..# ............##.#...## ..# ......##.....####...# ## ......###....##..#.## .......##.........## ....#.###........## ##.#### ##.#......# ### #....#....# Turn 8652 on Orc:2: motherfucker

#.....### #... ## ...#.......
......o.####..## #.## #.##.......
..........##...##...###.###.##.##
...........#..#....###......###..
.#.#.#.#.#.#......###.#...)..#)..
.....)............##..)......)..#
.................####.##.....))#.
...((.).().....)).##)##...#......
.#.#.#.#.#.#.###@).)..##.........
...........#.##.#).)..)#)).).....
..........##...).....))..).......
........####.##..................
#.....### #.##........))........
####### #..#.................. ##
#####.......#...........
##.##...)...................
#......))...................


Turn 9437 on Orc:2: very fast btw ..# ... ..[. ####### ...<. ###.....###
.....#####.........## #.....P.#...#...#..)### #..........#.>.#..)).##
##....Y#...#...#..)#.P# #.#....##......)..##..# #......###.....####..# ##....##
########....# #P.... ##........## #..... #......>...# ##.... ###...........
#.....#....?........ ##....P....... Turn 11072 on Lair:4: i don't know about
this m8 ♣....>......)...... ♣..........♣♣)..... ♣♣.......♣♣♣♣...... ♣.......♣
#...... ♣♣♣...♣♣♣ ##...... ♣♣♣♣♣ #....... #........ ..... #### #......... .....
#@.## #.......P.. #... #...# #......#.#.. ....#+#'### #......P.... ....#.8.##
#............ ##.....##.....P....... ##........#.. ##.........#..
##...........#. ####........##....# Turn 11708 on Lair:5: fucking will- ###
#.......#≈≈≈≈≈≈≈ ######.######.....#?..≈≈≈≈ #P.P......##..P.........≈≈
#.P........#......†..≈..≈≈ #P.P.....................# ..............#†P.........
........................#. ...............##†.....## ...............PY#...###
.................##### .................## ..................#
.................## .................# .................# .P.......<......#..#
..P.............#### Turn 11809 on Lair:6: overdid it .....P≈≈≈P≈##F≈≈≈≈≈≈≈≈≈≈
....≈≈≈≈≈≈≈##.≈≈≈≈≈≈≈≈≈ ....≈≈≈≈≈≈≈##≈≈.≈≈≈≈F≈≈ .≈.≈≈≈≈≈≈≈≈#≈≈≈≈≈≈≈≈#
...≈≈≈#≈≈≈[#≈..P≈.≈≈# ...≈≈≈##≈≈≈≈≈...†≈≈≈# .≈≈≈≈#####≈≈≈.).≈≈≈##
...≈≈≈≈##≈≈≈≈P).≈#≈≈≈# ≈≈P≈≈≈≈≈#≈≈.≈≈≈≈Y# ≈≈≈# P#.≈≈≈≈≈#≈P≈.≈≈≈## ≈≈≈≈
##≈.≈≈≈≈≈P≈≈≈.≈.# ≈≈≈ .#..P≈≈≈≈≈≈≈≈≈≈≈## ≈≈ .##.≈≈≈P≈≈≈≈≈≈≈≈≈# .
..#≈≈≈≈≈≈≈≈≈≈≈≈≈### ..#≈≈≈≈≈≈≈P≈≈≈≈≈≈≈# ..#..≈≈≈≈≈≈≈≈≈≈≈≈## ..##.≈≈≈≈≈≈≈≈≈≈≈≈≈#
Turn 12037 on Lair:6: nooope ## ###### ### ### ###########.##..#.###.####.##
##.#............#............. ##............Y..††............
##.#..............†#............ #......#.########.########.#...# ##......####
####### #####..## ##.......##.###P##..#####P###..##
#.........#.....................# ....###........÷÷................
...####.........#.............).. .#.###.....#.#.###......###.##... Turn 12848
on Lair:2: where the fuck is the other branch #.......### ##........#
#..#......### #P##.......P# ## ###P....### ###..)..#####l ##..........§
#........[.# #....@...##. #.......## ###....## #......# #P....## ##...## P..##
##### Turn 13081 on Lair:4: here it is ..## ####.####..#. ...### ### ####
.....### .......# #......### #.......P# ###### ###P....### ##§§§.##
###..)..#####§§§§§.# ##.........§§Y.§§§# #........[.#§§§§§##
#........##.#...§.## #.....††#######....# ###....## #...P## #......# ##..P#
#P....## #..## ##...## #### #P..## Turn 13106 on Lair:4: i'm dead ≈≈ ≈≈ ≈≈ ♣ ≈≈
.≈ ♣♣ ≈≈ ≈≈. ..♣ ≈≈ ≈≈≈.♣♣ .≈≈. ≈. ≈≈≈≈n.♣♣♣♣≈.≈≈. .. ≈≈≈≈≈≈.≈..≈≈§.≈ .♣
≈≈≈≈≈wxY)≈≈≈≈≈. .. ≈≈≈≈....≈≈≈≈... ≈≈ ≈≈≈.≈§≈≈..=?... ≈ ≈≈≈.≈≈≈≈≈≈≈≈.≈≈
♣≈≈≈≈≈≈≈≈♣♣♣♣.≈ ≈≈ ♣..§≈≈≈≈≈. ♣ ≈≈ ♣...≈≈≈... ≈≈ ♣≈:..≈w...≈ ≈≈ Turn 13359 on
Swamp:2: spriggan depths pack in swamp

Levels and vault maps discovered:
D:1:      elethiomel_arrival_infinity_welcomes_careful_drivers, layout_rooms
D:2:      layout_basic, serial_shops, shop, shapermc_ecumenical_altar_gd,
          uniq_robin, uniq_natasha
D:3:      layout_basic, serial_shops, nicolae_shop_hallway_stairs,
          nicolae_square_shop, shop, nicolae_shop_waterfront, shop,
          serial_bayou_ford_a, hangedman_abyss_or_decor_lesser_grid,
          nicolae_wormholes
D:4:      layout_loops_ring, patterned_corridor
D:5:      layout_gridville, mainiacjoe_overflow_catwalk_spiral, goddamned_bats
D:6:      layout_basic
D:7:      layout_basic, minmay_temple_entry_enclosed_plants, enter_ossuary_1
D:8:      layout_basic, old_standard_altar, due_lair_maze_entry_diamond,
          uniq_joseph, uniq_prince_ribbit1, uniq_maggie
D:9:      layout_irregular_city, david_orc_1_choice, serial_shops,
          nicolae_shop_statue_plus, kennysheep_little_box, nicolae_shop_crystal,
          nicolae_take_the_stairs, hangedman_decor_riveting,
          hellmonk_bongcloud_opening, hive_lemuel
D:10:     layout_rooms, mainiacjoe_overflow_alcove_2, ebering_ghost_inner_flame,
          nicolae_figureground_pulse
D:11:     layout_basic, eino_house_with_fridge, uniq_josephine, uniq_erolcha
Temple:   nicolae_temple_no_exploring_needed
Lair:1:   beast_lair_carwin_large_1, layout_gridlike, serial_rivers,
          chequers_serial_rivers_micro_e, chequers_serial_rivers_micro_b,
          chequers_serial_rivers_micro_c, chequers_serial_rivers_micro_a,
          chequers_serial_rivers_micro_b, uniq_amaemon, uniq_harold, uniq_fannar
Lair:2:   layout_concentric_octagons, nicolae_lair_grazing_beasts
          [nicolae_sub_lair_graze_edge, nicolae_sub_lair_graze_edge,
          nicolae_sub_lair_graze_edge, nicolae_sub_lair_graze_edge],
          infiniplex_staircase_pool, uniq_erica
Lair:3:   layout_chaotic_city, nzn_masters_of_martial_movement
Lair:4:   layout_layer_cave, minmay_swamp_entry_reptiles,
          minmay_snake_entry_guardpost_medium
Lair:5:   layout_gridlike, slime_dummy, serial_bayou_pond_e,
          serial_bayou_pond_b, forest_entry_grove, grunt_megastairs_5
Lair:6:   minmay_lair_end_frog_pond, layout_cave_pods
Swamp:1:  layout_basic_swamp, nicolae_swamp_small_spring
Swamp:2:  layout_basic_swamp, nicolae_swamp_godswood, swamp_pool2
Orc:1:    layout_caves
Orc:2:    st_orc_pillars, layout_caves, nicolae_orc_stony_grotto

Skill      XL: |  1  2  3  4  5  6  7  8  9 10 11 12 13 14 15 |
---------------+----------------------------------------------+-----
Fighting       | 3 4 5 6 7 8 9 10 11 | 11.7
Throwing       | 3 4 5 6 8 |  8.0
Dodging        | 4 5 6 8 |  8.4
Invocations    | 3 4 6 7 8 9 |  9.1
Unarmed Combat | 6 8 10 11 12 | 12.0
Spellcasting   | 3 4 |  4.0
Armour         | 2 |  2.8
Transmutations | 6 9 10 | 10.0
Ice Magic      | 1 6 |  6.0
Earth Magic    | 6 7 |  7.4
Translocations | 2 |  2.0

Action                   |  1- 3 |  4- 6 |  7- 9 | 10-12 | 13-15 || total
-------------------------+-------+-------+-------+-------+-------++-------
Melee: Unarmed           |    45 |       |       |    27 |   504 ||   576
       Dagger            |    88 |    12 |       |       |       ||   100
       Falchion          |       |   118 |    61 |       |       ||   179
       Punch             |       |     4 |    13 |    47 |     4 ||    68
       Whip              |       |       |   147 |   130 |       ||   277
       Short sword       |       |       |    73 |       |       ||    73
       War axe           |       |       |       |   393 |    54 ||   447
Throw: Throwing net      |     6 |     4 |     1 |       |       ||    11
       Dart              |       |    10 |    83 |   214 |     1 ||   308
       Javelin           |       |       |     2 |    35 |     4 ||    41
       Boomerang         |       |       |       |   107 |    38 ||   145
 Cast: Ice Form          |       |       |       |       |    33 ||    33
       Frozen Ramparts   |       |       |       |       |    15 ||    15
Invok: Heroism           |       |       |     1 |    33 |    23 ||    57
       Finesse           |       |       |       |     6 |     3 ||     9
       Duel              |       |       |       |       |     2 ||     2
 Abil: End Transformatio |       |       |       |       |     1 ||     1
Evoke: Wand              |       |       |     4 |    17 |     3 ||    24
  Use: Scroll            |       |     7 |     3 |     8 |    15 ||    33
       Potion            |       |       |     1 |     6 |     5 ||    12
 Stab: Held in net/web   |     2 |     3 |       |       |       ||     5
       Sleeping          |       |       |     2 |       |     3 ||     5
       Invisible         |       |       |       |    15 |     2 ||    17
       Distracted        |       |       |       |       |     1 ||     1
Armor: Leather armour    |    45 |    39 |    95 |    46 |       ||   225
       Ring mail         |     4 |       |       |       |       ||     4
       Skin              |       |       |       |    26 |   133 ||   159
       Scale mail        |       |       |       |   131 |    13 ||   144
       Robe              |       |       |       |       |    18 ||    18
Dodge: Dodged            |    87 |    72 |   191 |   442 |   406 ||  1198
Block: Other             |       |    22 |    69 |    93 |       ||   184
       Reflection        |       |     3 |       |     4 |       ||     7

Table legend: (Time is in decaauts)
 A = Elapsed time spent in this place.
 B = Non-inter-level travel time spent in this place.
 C = Inter-level travel time spent in this place.
 D = Time resting spent in this place.
 E = Time spent auto-exploring this place.
 F = Levels seen in this place.
 G = Mean time per level.
                   A        B        C        D        E       F      G
               +--------+--------+--------+--------+--------+-----+--------+
         Total |  13741 |  12422 |   1319 |    166 |      0 |  25 |  549.6 |
       Dungeon |   8159 |   7206 |    953 |    142 |      0 |  11 |  741.7 |
        Temple |     16 |      9 |      7 |      0 |      0 |   1 |   16.0 |
          Lair |   3096 |   2788 |    308 |      1 |      0 |   6 |  516.0 |
         Swamp |    251 |    251 |      0 |      1 |      0 |   2 |  125.5 |
  Orcish Mines |   1929 |   1880 |     49 |      0 |      0 |   2 |  964.5 |
       Ossuary |    238 |    238 |      0 |      0 |      0 |   1 |  238.0 |
         Arena |     50 |     50 |      0 |     21 |      0 |   2 |   25.0 |
               +--------+--------+--------+--------+--------+-----+--------+

Top non-repeatable levels by time:
     D:9: 2380 daAuts
     D:8: 1645 daAuts
   Orc:2: 1482 daAuts
  Lair:2: 1012 daAuts
     D:3: 584 daAuts
     D:4: 584 daAuts
  Lair:3: 531 daAuts
  Lair:6: 530 daAuts
     D:6: 509 daAuts
    D:10: 503 daAuts
     D:7: 486 daAuts
     D:1: 472 daAuts
   Orc:1: 446 daAuts
     D:5: 436 daAuts
  Lair:5: 377 daAuts
